 Dungeon Crawl Stone Soup version 0.21.2 (webtiles) character file.

13200 Giltor the Covert (level 11, -2/52 HPs)
             Began as a Spriggan Enchanter on Dec 15, 2018.
             Was a High Priest of Okawaru.
             Slain by a warg (13 damage)
             ... on level 2 of the Orcish Mines.
             The game lasted 02:43:27 (12835 turns).

Giltor the Covert (Spriggan Enchanter)             Turns: 12835, Time: 02:43:30

Health: -2/52      AC:  2    Str:  7    XL:     11   Next: 72%
Magic:  0/26       EV: 23    Int: 19    God:    Okawaru [*****.]
Gold:   679        SH:  0    Dex: 18    Spells: 16/30 levels left

rFire    . . .     SeeInvis +   e - +6 dagger (venom)
rCold    + . .     Gourm    .   (shield restricted)
rNeg     . . .     Faith    .   s - +0 robe of Generosity {Str+3}
rPois    .         Spirit   .   (helmet restricted)
rElec    .         Reflect  .   (no cloak)
rCorr    .         Harm     .   (gloves unavailable)
MR       +....                  (boots unavailable)
Stlth    +++++.....             F - amulet of regeneration
HPRegen  0.57/turn              q - ring of protection from cold
MPRegen  0.20/turn              (no ring)

@: very quick
A: very small, unfitting armour, see invisible, herbivore, speed 3, slow
metabolism 2
a: Heroism, Finesse, Renounce Religion


You were on level 2 of the Orcish Mines.
You worshipped Okawaru.
Okawaru was extremely pleased with you.
You were not hungry.

You visited 3 branches of the dungeon, and saw 13 of its levels.
You also visited: Ossuary.

You collected 854 gold pieces.
You spent 175 gold pieces at shops.

Inventory:

Hand Weapons
 e - a +6 dagger of venom (weapon)
 z - a +0 blowgun
Missiles
 h - 23 poisoned needles
 v - 8 needles of paralysis
 J - 2 curare-tipped needles
Armour
 b - a +0 robe
 s - the +0 robe of Generosity (worn) {Str+3}
   (You took it off Dowan on level 4 of the Dungeon)

   It affects your strength (+3).
 L - a +0 troll leather armour
Jewellery
 q - a ring of protection from cold (left hand)
 F - an amulet of regeneration (around neck)
 H - a +2 amulet of reflection {unknown}
Wands
 p - a wand of digging (15)
 w - a wand of acid (11)
 C - a wand of iceblast (5)
 D - a wand of scattershot (3)
 I - a wand of clouds (6)
 K - a wand of enslavement (21)
Scrolls
 f - a scroll of fear
 g - a scroll of blinking
 k - 4 scrolls of teleportation
 r - 3 scrolls of enchant armour
 u - 3 scrolls of remove curse
 A - a scroll of summoning
Potions
 d - 7 potions of curing
 i - a potion of flight {unknown}
 j - 3 potions of agility
 l - 4 potions of heal wounds
 m - 3 potions of haste {unknown}
 n - a potion of might {unknown}
 x - 2 potions of resistance {unknown}
 B - a potion of cancellation {unknown}
 E - a potion of mutation {unknown}
 G - a potion of ambrosia {unknown}
Books
 a - the Volume of the Damaging Birds
   (You acquired it on level 6 of the Dungeon)

   Spells                             Type                      Level
   a - Fulminant Prism                Conjuration/Hexes            4
   b - Summon Lightning Spire         Summoning/Air                4
   c - Conjure Ball Lightning         Conjuration/Air              6
   d - Bolt of Fire                   Conjuration/Fire             6
 c - a book of Maledictions

   Spells                             Type                      Level
   a - Corona                         Hexes                        1
   b - Ensorcelled Hibernation        Hexes/Ice                    2
   c - Confuse                        Hexes                        3
   d - Tukima's Dance                 Hexes                        3
   e - Dazzling Spray                 Conjuration/Hexes            3
 t - a book of Misfortune

   Spells                             Type                      Level
   a - Confusing Touch                Hexes                        1
   b - Confuse                        Hexes                        3
   c - Gell's Gravitas                Translocation                3
   d - Petrify                        Transmutation/Earth          4
   e - Metabolic Englaciation         Hexes/Ice                    5
   f - Yara's Violent Unravelling     Hexes/Transmutation          5
 y - a book of the Warp

   Spells                             Type                      Level
   a - Gell's Gravitas                Translocation                3
   b - Portal Projectile              Hexes/Translocation          3
   c - Force Lance                    Conjuration/Translocation    4
   d - Dispersal                      Translocation                6
   e - Controlled Blink               Translocation                8
   f - Disjunction                    Translocation                8
Comestibles
 o - 9 rations


   Skills:
 - Level 3.1 Fighting
 - Level 7.0 Short Blades
 - Level 2.2 Throwing
 - Level 7.0 Dodging
 - Level 11.3 Stealth
 - Level 10.2 Spellcasting
 - Level 11.1 Hexes
 - Level 3.0 Translocations
 - Level 3.1 Invocations
 * Level 10.8 Evocations


You had 16 spell levels left.
You knew the following spells:

 Your Spells              Type           Power        Failure   Level  Hunger
b - Ensorcelled Hibernat  Hex/Ice        ####..       1%          2    None
c - Confuse               Hex            ######..     1%          3    None
d - Tukima's Dance        Hex            ######..     1%          3    None
e - Gell's Gravitas       Tloc           ###.......   6%          3    None
f - Portal Projectile     Hex/Tloc       #####.       1%          3    None


Dungeon Overview and Level Annotations

Branches:
Dungeon (10/15)            Temple (1/1) D:6            Lair (0/6) D:10
    Orc (2/2) D:10
    Elf: Orc:2

Altars:
Ashenzari
Cheibriados
Dithmenos
Elyvilon
Fedhas
Gozag
Hepliaklqana
Kikubaaqudgha
Makhleb
Nemelex Xobeh
Okawaru
Qazlal
Ru
Sif Muna
Trog
Uskayaw
Vehumet
Wu Jian
Xom
Yredelemnul
Zin
The Shining One

Shops:
D:4 ((%   D:5 :?[


Innate Abilities, Weirdness & Mutations

You are very small and have problems with some larger weapons.
You are too small for most types of armour.
You have supernaturally acute eyesight. (SInv)
You are a herbivore.
You cover ground extremely quickly.
You need consume almost no food.


Message History

The orc high priest prays to Beogh.
The orc high priest intones a terrible prayer.
The orc high priest mumbles some strange prayers to Beogh.
You hear a shout!
The rust devil disappears in a puff of smoke!
The warg bites you. The warg completely misses you.
The orc hits you with a hand axe. The warg closely misses you.
Casting: Confuse
Confirm with . or Enter, or press ? or * to list all spells.
Aiming: Confuse
Press: ? - help, Shift-Dir - straight line, f/p - warg
Aim: a warg (lightly wounded, chance to defeat MR: 56%)
The warg appears confused.
The warg closely misses the warg.
The warg bites you!
* * * LOW HITPOINT WARNING * * *
The warg bites the orc!
The orc is killed!
Okawaru accepts your kill. The warg bites you!
You die...

... ... ... .. .. #. . .#
####.## ##.#..$# #..<...#
##.....## #...h@..#
##..hh.##
###############.o#####.#.
..............o..........
o..........oo.o..........
.###.###.#######44######.
†# #.# #.# #..# o# #.#
#.# #o.# o. ... ... ...#


You could see an orc high priest, an orange demon, a hellwing, 3 wargs and 3
orcs.

Vanquished Creatures
  An orc warlord (Orc:1)
  3 two-headed ogres
  An orc high priest (Orc:1)
  Urug (D:10)
  A deep elf mage (D:6)
  Joseph (D:10)
  4 trolls
  Grinder (D:3)
  4 hippogriffs
  A hungry ghost (D:7)
  2 dancing weapons
  5 wargs
  Duvessa (D:4)
  2 ice beasts
  An eye of draining (D:9)
  15 orc warriors
  2 phantoms
  3 centaurs
  A necrophage (D:10)
  7 ogres
  A crocodile (D:8)
  A big kobold (D:8)
  A gnoll sergeant (D:10)
  3 bullfrogs
  4 scorpions
  Dowan (D:4)
  3 killer bees (D:8)
  A wight (D:10)
  3 howler monkeys (D:8)
  7 crimson imps
  3 human zombies (Ossuary)
  5 jellies
  12 orc priests
  3 hounds
  3 centaur skeletons
  7 iguanas
  4 worker ants
  16 orc wizards
  A hound zombie (D:9)
  A hound skeleton (D:5)
  3 mummies (Ossuary)
  2 worker ant zombies
  Robin (D:3)
  10 gnolls
  11 adders
  3 shadow imps
  6 oozes
  An adder zombie (Ossuary)
  An adder skeleton (D:10)
  7 worms
  2 dart slugs (D:1)
  5 leopard geckos
  64 orcs
  2 ball pythons
  6 bats
  A giant cockroach (D:4)
  13 goblins
  15 hobgoblins
  5 jackals
  10 kobolds
  2 quokkas
  A ball python skeleton (D:4)
  5 frilled lizards
  2 goblin zombies (Ossuary)
  3 hobgoblin zombies (Ossuary)
  6 kobold zombies (Ossuary)
  2 quokka zombies (Ossuary)
  4 rats
  A rat zombie (Ossuary)
331 creatures vanquished.

Vanquished Creatures (collateral kills)
  A warg (D:10)
  2 ogres
  A gnoll sergeant (D:7)
  3 wights (D:10)
  An orc priest (D:10)
  3 gnolls (D:7)
  An orc (D:10)
12 creatures vanquished.

Grand Total: 343 creatures vanquished

Notes
Turn   | Place    | Note
-------+----------+-------------------------------------------
     0 | D:1      | Giltor the Spriggan Enchanter began the quest for the Orb.
     0 | D:1      | Reached XP level 1. HP: 9/9 MP: 5/5
   119 | D:1      | Reached skill level 5 in Stealth
   158 | D:1      | Reached XP level 2. HP: 13/13 MP: 2/7
   162 | D:1      | Learned a level 2 spell: Ensorcelled Hibernation
   887 | D:2      | Reached XP level 3. HP: 17/17 MP: 8/8
   914 | D:2      | Reached skill level 1 in Fighting
  1084 | D:2      | Learned a level 3 spell: Confuse
  1386 | D:2      | Reached XP level 4. HP: 15/22 MP: 9/9
  1391 | D:2      | Learned a level 3 spell: Tukima's Dance
  1782 | D:3      | Noticed Grinder
  1802 | D:3      | Killed Grinder
  1802 | D:3      | Reached XP level 5. HP: 3/25 MP: 6/14
  1802 | D:3      | Reached XP level 6. HP: 3/30 MP: 6/16
  2005 | D:3      | Noticed Robin
  2059 | D:3      | Killed Robin
  2670 | D:4      | Noticed Duvessa
  2670 | D:4      | Noticed Dowan
  2738 | D:4      | Found Kostruh's Antique Weapon Shoppe.
  3014 | D:4      | Found an ornate altar of the Wu Jian Council.
  3028 | D:4      | Found Ajaa's Food Shop.
  3034 | D:4      | Found a sparkling altar of Nemelex Xobeh.
  3161 | D:4      | Reached skill level 1 in Evocations
  3253 | D:4      | Found Ehep's Weapon Boutique.
  3409 | D:4      | Killed Dowan
  3409 | D:4      | Reached XP level 7. HP: 33/33 MP: 6/17
  3425 | D:4      | Killed Duvessa
  3436 | D:4      | Got a bloodstained robe
  3543 | D:4      | Reached skill level 5 in Evocations
  3570 | D:4      | Identified the +0 robe of Generosity {Str+3} (You took it off Dowan on level 4 of the Dungeon)
  3627 | D:4      | Found an ancient bone altar of Kikubaaqudgha.
  3629 | D:4      | Found a bloodstained altar of Trog.
  3629 | D:4      | Found a shimmering altar of Xom.
  3656 | D:4      | Found a shattered altar of Ashenzari.
  3656 | D:4      | Found a blossoming altar of Fedhas.
  3656 | D:4      | Found a hazy altar of Hepliaklqana.
  3830 | D:4      | Learned a level 3 spell: Gell's Gravitas
  3858 | D:5      | Entered Level 5 of the Dungeon
  3882 | D:5      | Found Hideng's Book Emporium.
  3889 | D:5      | You fall through a shaft!
  4117 | D:5      | Reached skill level 1 in Translocations
  4182 | D:5      | Found a burning altar of Makhleb.
  4196 | D:5      | Found Pinopn's Antique Armour Shoppe.
  4237 | D:5      | Found Puwon's Magic Scroll Boutique.
  4240 | D:5      | Bought a scroll of identify for 26 gold pieces
  4240 | D:5      | Bought a scroll of identify for 26 gold pieces
  4240 | D:5      | Bought a scroll of summoning for 123 gold pieces
  4305 | D:5      | You fall through a shaft for 3 floors!
  4340 | D:8      | Reached skill level 5 in Hexes
  4415 | D:8      | Reached XP level 8. HP: 27/37 MP: 5/18
  4999 | D:8      | Reached skill level 10 in Stealth
  5008 | D:8      | Noticed a hippogriff
  5140 | D:8      | Killed a hippogriff
  5391 | D:8      | Reached XP level 9. HP: 22/44 MP: 15/19
  5801 | D:7      | Reached skill level 5 in Short Blades
  5810 | D:7      | Found a sand-covered staircase.
  5824 | Ossuary  | Entered an ossuary
  6208 | Ossuary  | Identified 2 scrolls of acquirement
  6217 | Ossuary  | Learned a level 3 spell: Portal Projectile
  6300 | D:7      | Found a shadowy altar of Dithmenos.
  6661 | D:7      | Found a glowing golden altar of the Shining One.
  7360 | D:7      | Reached skill level 5 in Dodging
  7373 | D:7      | Found a stormy altar of Qazlal.
  7500 | D:6      | Found a deep blue altar of Sif Muna.
  7655 | D:6      | Found a staircase to the Ecumenical Temple.
  7673 | Temple   | Entered the Ecumenical Temple
  7727 | Temple   | Became a worshipper of Warmaster Okawaru
  7924 | D:6      | Identified the Volume of the Damaging Birds (You acquired it on level 6 of the Dungeon)
  8202 | D:6      | Noticed a deep elf mage
  8205 | D:6      | Killed a deep elf mage
  8778 | D:9      | Reached XP level 10. HP: 49/49 MP: 15/20
  8923 | D:9      | Reached * piety under Okawaru
  8979 | D:9      | Noticed a two-headed ogre
  9373 | D:9      | Found a shattered altar of Ashenzari.
  9880 | D:9      | Killed a two-headed ogre
  9998 | D:10     | Entered Level 10 of the Dungeon
 10079 | D:10     | Reached skill level 10 in Hexes
 10092 | D:10     | Reached ** piety under Okawaru
 10112 | D:10     | Noticed Joseph
 10173 | D:10     | Killed Joseph
 10368 | D:10     | Noticed Urug
 10370 | D:10     | Killed Urug
 10370 | D:10     | Reached *** piety under Okawaru
 10371 | D:10     | Noticed a two-headed ogre
 10382 | D:10     | Killed a two-headed ogre
 10649 | D:10     | Received a gift from Okawaru
 10894 | D:10     | Noticed a two-headed ogre
 10896 | D:10     | Killed a two-headed ogre
 10896 | D:10     | Reached XP level 11. HP: 52/52 MP: 23/25
 10913 | D:10     | Found a staircase to the Lair.
 10988 | D:10     | Reached **** piety under Okawaru
 10995 | D:10     | Noticed a two-headed ogre
 11128 | D:10     | Reached skill level 10 in Spellcasting
 11719 | D:10     | Found a staircase to the Orcish Mines.
 11812 | Orc:1    | Entered Level 1 of the Orcish Mines
 11812 | Orc:1    | Noticed an orc warlord
 12451 | Orc:1    | Killed an orc warlord
 12451 | Orc:1    | Reached ***** piety under Okawaru
 12571 | Orc:1    | Noticed an orc high priest
 12590 | Orc:1    | Killed an orc high priest
 12590 | Orc:1    | Reached skill level 10 in Evocations
 12749 | Orc:2    | Entered Level 2 of the Orcish Mines
 12795 | Orc:2    | Noticed an orc high priest
 12799 | Orc:2    | Noticed an orc high priest
 12826 | Orc:2    | Noticed an orc high priest
 12835 | Orc:2    | Slain by a warg

Skill      XL: |  1  2  3  4  5  6  7  8  9 10 11 |
---------------+----------------------------------+-----
Stealth        | 5 6 7 10 11 | 11.3
Spellcasting   | 3 6 9 10 | 10.2
Hexes          | 4 6 8 11 | 11.1
Fighting       | 1 3 |  3.1
Short Blades   | 2 3 4 5 6 7 |  7.0
Dodging        | 4 7 |  7.0
Evocations     | 3 5 10 | 10.8
Translocations | 3 |  3.0
Throwing       | 2 |  2.2
Invocations    | 3 |  3.1

Action                   |  1- 3 |  4- 6 |  7- 9 | 10-12 || total
-------------------------+-------+-------+-------+-------++-------
Melee: Dagger            |    71 |   135 |   378 |   312 ||   896
 Fire: Blowgun           |       |       |     4 |     4 ||     8
 Cast: Corona            |     4 |       |       |       ||     4
       Ensorcelled Hiber |    10 |     9 |     1 |       ||    20
       Confuse           |       |    27 |    80 |   125 ||   232
       Tukima's Dance    |       |     4 |     9 |    16 ||    29
       Gell's Gravitas   |       |       |     1 |       ||     1
Invok: Heroism           |       |       |       |     1 ||     1
Evoke: Wand              |       |       |       |     2 ||     2
  Use: Scroll            |     2 |     8 |    15 |     2 ||    27
       Potion            |     1 |       |       |       ||     1
 Stab: Sleeping          |    14 |     6 |    24 |    10 ||    54
       Distracted        |     1 |       |     1 |       ||     2
       Confused          |       |    10 |    40 |    56 ||   106
  Eat: Ration            |     1 |     1 |     4 |     3 ||     9
Armor: Skin              |     9 |       |       |       ||     9
       Robe              |     8 |    12 |    12 |     5 ||    37
Dodge: Dodged            |    35 |    87 |   171 |   154 ||   447
